 Dungeon Crawl Stone Soup version 0.19.0-20-gbc5f0c6 (webtiles) character file.

19683 rocketpapaya the Covert (level 12, -7/45 HPs)
             Began as a Vine Stalker Enchanter on Nov 17, 2016.
             Was an Elder of Hepliaklqana.
             Mangled by a six-headed hydra (12 damage)
             ... on level 2 of the Lair of Beasts.
             The game lasted 00:51:14 (14790 turns).

rocketpapaya the Covert (Vine Stalker Enchanter)   Turns: 14790, Time: 00:51:15

Health: -7/45      AC: 11    Str: 13    XL:     12   Next: 71%
Magic:  0/16       EV: 20    Int: 26    God:    Hepliaklqana [****..]
Gold:   799        SH:  8    Dex: 22    Spells: 5 memorised, 4 levels left

rFire  x . .     SeeInvis .     k - +2 dagger (speed)
rCold  + . .     Gourm    .     a - +3 leather armour {MR+}
rNeg   . . .     Faith    .     o - +2 buckler
rPois  .         Spirit   +     O - +2 hat
rElec  .         Reflect  .     z - +2 cloak {MR+}
rCorr  .         Harm     .     (no gloves)
MR     +++..                    (no boots)
Stlth  +++++++...               (no amulet)
                                J - +5 ring of intelligence
                                x - ring of Set Hirph {Ice +Inv Int+5}

@: agile, very slightly contaminated, repel missiles
A: reduced essence, fangs 3, regeneration 2, screaming 1, magic shield,
antimagic bite, no device heal 3, rot immunity
a: Recall Ancestor, Ancestor Identity, Transference, Idealise, Renounce
Religion, Evoke Invisibility


You were on level 2 of the Lair of Beasts.
You worshipped Hepliaklqana.
Hepliaklqana was greatly pleased with you.
You were not hungry.

You visited 3 branches of the dungeon, and saw 15 of its levels.
You also visited: Sewer and Bailey.

You collected 974 gold pieces.
You spent 175 gold pieces at shops.

Inventory:

Hand Weapons
 k - a +2 dagger of speed (weapon)
Armour
 a - a +3 leather armour of magic resistance (worn)
 j - the +8 chain mail "Sisas" {Regen+ Int+3 Dex+4}
   (You found it in a bailey)

   It affects your intelligence (+3).
   It affects your dexterity (+4).
   It increases your rate of regeneration.
 o - a +2 buckler (worn)
 z - a +2 cloak of magic resistance (worn)
 O - a +2 hat (worn)
Jewellery
 x - the ring of Set Hirph (left hand) {Ice +Inv Int+5}
   (You found it on level 5 of the Dungeon)

   [ring of ice]

   It enhances your ice magic.
   It affects your intelligence (+5).
   It makes you vulnerable to fire.
   It protects you from cold.
   It lets you turn invisible.
 J - a +5 ring of intelligence (right hand)
Wands
 t - a wand of digging (6/24)
 v - a wand of lightning (8/15)
 C - a wand of flame (16/48)
 E - a wand of iceblast (4/15)
 L - a wand of disintegration (8/24)
Scrolls
 e - a scroll of magic mapping
 g - a scroll of acquirement {unknown}
 h - 7 scrolls of remove curse
 m - 8 scrolls of teleportation
 w - 2 scrolls of enchant weapon
 A - a scroll of blinking
Potions
 l - 7 potions of curing
 n - 3 potions of haste
 p - a potion of cancellation
 s - 5 potions of brilliance
 D - a potion of agility
 F - a potion of mutation
 K - 2 potions of flight {unknown}
Comestibles
 b - a beef jerky
 d - 9 bread rations
 q - a meat ration
 G - 11 slices of pizza
 M - 4 fruits


   Skills:
 - Level 10.2 Short Blades
 + Level 4.8 Dodging
 + Level 13.7 Stealth
 - Level 4.1 Shields
 - Level 2.1 Spellcasting
 - Level 4.0 Conjurations
 + Level 9.9 Hexes
 + Level 1.3 Charms
 - Level 2.0 Ice Magic
 - Level 5.0 Evocations


You had 4 spell levels left.
You knew the following spells:

 Your Spells              Type           Power        Failure   Level  Hunger
a - Corona                Hex            ######.      1%          1    None
b - Ensorcelled Hibernat  Hex/Ice        ######       1%          2    ##.....
c - Confuse               Hex            ######..     1%          3    ###....
d - Dazzling Spray        Conj/Hex       #####.       1%          3    ###....
e - Repel Missiles        Chrm/Air       #.....       17%         2    ##.....


Dungeon Overview and Level Annotations

Branches:
Dungeon (12/15)            Temple (1/1) D:4            Lair (2/6) D:11
    Orc (0/2) D:12
  Swamp: Lair:2-4    Shoals: Lair:2-4     Snake: Lair:2-4    Spider: Lair:2-4

Altars:
Ashenzari
Cheibriados
Dithmenos
Elyvilon
Fedhas
Gozag
Hepliaklqana
Kikubaaqudgha
Makhleb
Nemelex Xobeh
Okawaru
Qazlal
Ru
Sif Muna
Trog
Uskayaw
Vehumet
Xom
Yredelemnul
Zin
The Shining One

Shops:
D:4 ?*:[   D:12 *


Innate Abilities, Weirdness & Mutations

You have razor-sharp teeth.
You heal very quickly.
When hurt, damage is shared between your health and your magic reserves.
Your bite disrupts and absorbs the magic of your enemies.
Potions and wands cannot restore your health.
You are immune to rotting.
Your life essence is reduced. (-10% HP)
You occasionally shout uncontrollably at your foes.


Message History

Press: ? - help, Shift-Dir - straight line, f - six-headed hydra
Aim: a six-headed hydra (moderately wounded, chance to defeat MR: 38%)
The six-headed hydra resists with some effort.
The six-headed hydra bites you but does no damage.
The six-headed hydra bites you.
You block the six-headed hydra's attack.
The six-headed hydra bites you!
The six-headed hydra closely misses you.
The six-headed hydra bites you!
* * * LOW HITPOINT WARNING * * *
Aula hits the six-headed hydra with a dagger of draining!
Okay, then.
You feel agile all of a sudden. The six-headed hydra misses you.
The six-headed hydra barely misses you. The six-headed hydra bites you.
* * * LOW HITPOINT WARNING * * *
The six-headed hydra misses you. The six-headed hydra bites you.
* * * LOW HITPOINT WARNING * * *
The six-headed hydra bites you!
You die...

#........#...†.......
#......#.......#...#.
#.....#.....#...#...#
##....+.8...#...#...#
#....##....##P.###...
#....##+..##### #...
#.......### ##..
##....#### #..
#..R@## ##.< ##.D.#
##P#####†.. #....
........### #.....#
#.........# #.....#
....#...... #.....#
........... ##.....
........... ......
#.........
...........


You could see the friendly Aula the hexer and a six-headed hydra.

Vanquished Creatures
  Sonja (D:11)
  An unseen horror (D:12)
  A hill giant (D:10)
  A cyclops (D:12)
  An ugly thing (D:11)
  Maurice (D:8)
  Joseph (D:8)
  2 centaur skeletons
  A spiny frog (Lair:1)
  The ghost of estick the Conjurer, a novice DrCj of Vehumet (D:6)
  A rime drake (Lair:2)
  A komodo dragon (D:11)
  5 trolls
  A hornet (D:9)
  A two-headed ogre (D:12)
  The ghost of GlenndL the Covert, an amateur OpAs of Nemelex Xobeh (Sewer)
  3 hippogriffs
  A spriggan (Lair:2)
  A wraith (D:10)
  A vampire (D:12)
  A basilisk (D:12)
  16 yaks
  Grum (D:11)
  A human (D:8)
  Eustachio (D:5)
  A steam dragon (D:8)
  A hungry ghost (D:11)
  2 water moccasins
  A soldier ant (D:12)
  2 sky beasts (D:5)
  Purgy (Sewer)
  13 orc warriors
  An eye of draining (D:11)
  A phantom (D:9)
  A black bear (D:9)
  2 ice beasts (D:7)
  2 necrophages
  4 ogres
  3 wolves
  15 centaurs
  3 big kobolds
  17 bullfrogs
  A wyvern skeleton (D:12)
  A water moccasin zombie (D:10)
  3 scorpions
  4 wights (D:11)
  2 howler monkeys
  2 electric eels (Lair:1)
  3 bullfrog zombies
  4 crimson imps
  5 jellies
  6 orc priests
  Crazy Yiuf (D:6)
  3 hounds
  A bullfrog skeleton (D:8)
  A gnoll shaman (D:8)
  4 iguanas
  9 orc wizards
  7 worker ants
  2 hound skeletons
  A howler monkey skeleton (D:11)
  2 gnolls
  16 adders
  An ooze (D:6)
  3 worms
  A dart slug (D:1)
  13 leopard geckos
  34 orcs
  6 bats
  5 giant cockroaches
  12 goblins
  10 hobgoblins
  12 jackals
  19 kobolds
  A quokka (D:2)
  2 frilled lizards
  2 gnoll zombies (D:7)
  A jackal zombie (D:7)
  9 rats
  A fungus (D:6)
327 creatures vanquished.

Vanquished Creatures (collateral kills)
  The ghost of Mitch the Carver, a novice OpGl of Ru (D:9)
  A wraith (D:11)
  A yak (D:10)
  A hungry ghost (D:9)
  2 water moccasins
  An orc warrior (Bailey)
  A wolf (Lair:1)
  A centaur (D:7)
  2 bullfrogs
  A crimson imp (D:8)
  3 hounds
  2 orc priests
  An orc wizard (D:11)
  A hound skeleton (D:11)
  3 gnolls (D:8)
  An adder skeleton (D:8)
  11 orcs
  A goblin (D:12)
  3 kobolds (D:9)
38 creatures vanquished.

Vanquished Creatures (others)
  A wolf (D:11)
  A hexer (Lair:2)
  A gnoll (D:8)
  A plant (D:11)
4 creatures vanquished.

Grand Total: 369 creatures vanquished

Notes
Turn   | Place    | Note
-------+----------+-------------------------------------------
     0 | D:1      | rocketpapaya the Vine Stalker Enchanter began the quest for the Orb.
     0 | D:1      | Reached XP level 1. HP: 9/9 MP: 4/4
    74 | D:1      | Reached skill level 1 in Short Blades
    96 | D:1      | Reached XP level 2. HP: 12/13 MP: 4/6
   100 | D:1      | Learned a level 2 spell: Ensorcelled Hibernation
   187 | D:1      | Reached skill level 4 in Stealth
   208 | D:1      | Reached XP level 3. HP: 16/16 MP: 7/7
   213 | D:1      | Learned a level 3 spell: Confuse
  1516 | D:2      | Gained mutation: Your natural rate of healing is unusually fast. [Vine Stalker growth]
  1516 | D:2      | Reached XP level 4. HP: 21/21 MP: 8/8
  2338 | D:4      | Found a staircase to the Ecumenical Temple.
  2346 | Temple   | Entered the Ecumenical Temple
  2493 | D:4      | Noticed an ogre
  2506 | D:4      | Killed an ogre
  2506 | D:4      | Reached skill level 5 in Stealth
  2506 | D:4      | Reached skill level 1 in Shields
  2506 | D:4      | Reached XP level 5. HP: 24/24 MP: 9/9
  2600 | D:4      | Found Buamiust's Antique Armour Emporium.
  2602 | D:4      | Found Ehocosch's Book Emporium.
  2605 | D:4      | Found Esealack's Magic Scroll Emporium.
  2608 | D:4      | Found Tuovon's General Store.
  2629 | D:4      | Bought a scroll of identify for 28 gold pieces
  2633 | D:4      | Bought a scroll of enchant weapon for 105 gold pieces
  2633 | D:4      | Bought a scroll of teleportation for 42 gold pieces
  2657 | D:4      | Found a shimmering altar of Xom.
  2674 | D:4      | Reached XP level 6. HP: 28/28 MP: 10/10
  2802 | D:4      | Noticed a phantom
  3169 | D:4      | HP: 1/28 [something/magic dart (3)]
  3389 | D:4      | Reached XP level 7. HP: 27/32 MP: 11/11
  3599 | D:5      | Entered Level 5 of the Dungeon
  3723 | D:5      | Got a flickering pewter ring
  3724 | D:5      | Identified the ring of Set Hirph {Ice +Inv Int+5} (You found it on level 5 of the Dungeon)
  3846 | D:5      | Reached skill level 6 in Stealth
  3867 | D:5      | Noticed Eustachio
  4038 | D:5      | Killed Eustachio
  4038 | D:5      | Reached skill level 5 in Hexes
  4038 | D:5      | Reached skill level 1 in Evocations
  4038 | D:5      | Gained mutation: You have razor-sharp teeth. [Vine Stalker growth]
  4038 | D:5      | Reached XP level 8. HP: 25/36 MP: 7/12
  4043 | D:5      | Learned a level 3 spell: Dazzling Spray
  4084 | D:5      | Noticed a hippogriff
  4090 | D:5      | Killed a hippogriff
  4411 | D:6      | Reached skill level 7 in Stealth
  4478 | D:6      | Noticed estick's ghost (novice DrCj)
  4724 | D:6      | Found a glowing drain.
  4817 | Sewer    | Entered a sewer
  4817 | Sewer    | Noticed GlenndL's ghost (amateur OpAs)
  4838 | Sewer    | Killed GlenndL's ghost
  4916 | Sewer    | Noticed Purgy
  4918 | Sewer    | Killed Purgy
  4918 | Sewer    | Reached XP level 9. HP: 39/39 MP: 13/13
  4967 | Sewer    | Reached skill level 5 in Short Blades
  5090 | D:6      | Found a runed door.
  5094 | D:6      | Noticed Crazy Yiuf
  5098 | D:6      | Killed Crazy Yiuf
  5498 | D:6      | Killed estick's ghost
  5498 | D:6      | Reached skill level 8 in Stealth
  5625 | D:6      | Reached skill level 5 in Evocations
  5787 | D:6      | Found a hazy altar of Hepliaklqana.
  5793 | D:6      | Became a worshipper of Hepliaklqana the Forgotten
  6183 | D:7      | Reached skill level 9 in Stealth
  6247 | D:7      | Found a basalt altar of Yredelemnul.
  6480 | D:7      | Found a shadowy altar of Dithmenos.
  7012 | D:7      | Reached XP level 10. HP: 39/39 MP: 9/14
  7271 | D:8      | Noticed Joseph
  7275 | D:8      | Killed Joseph
  7499 | D:8      | Found a shimmering altar of Xom.
  7679 | D:8      | Reached skill level 10 in Stealth
  7704 | D:8      | Found a radiant altar of Vehumet.
  7704 | D:8      | Noticed Maurice
  7708 | D:8      | Found a deep blue altar of Sif Muna.
  7708 | D:8      | Reached * piety under Hepliaklqana
  7714 | D:8      | Killed Maurice
  8035 | D:8      | Found a sacrificial altar of Ru.
  8201 | D:9      | Noticed Mitch's ghost (novice OpGl)
  8986 | D:9      | Killed Mitch's ghost
  8986 | D:9      | Reached skill level 11 in Stealth
  9012 | D:9      | Reached ** piety under Hepliaklqana
  9013 | D:9      | Remembered your ancestor Aula as a hexer
  9190 | D:9      | Reached XP level 11. HP: 41/42 MP: 12/15
  9596 | D:10     | Entered Level 10 of the Dungeon
  9700 | D:10     | Gained mutation: You occasionally shout uncontrollably at your foes. [mutagenic glow]
  9893 | D:10     | Noticed a hill giant
  9900 | D:10     | Killed a hill giant
 10217 | D:10     | Reached skill level 1 in Conjurations
 10571 | D:11     | Noticed Grum
 10571 | D:11     | Noticed Sonja
 10644 | D:11     | Killed Grum
 10726 | D:11     | Killed Sonja
 10758 | D:11     | Found a staircase to the Lair.
 10793 | D:11     | Reached skill level 12 in Stealth
 10870 | D:11     | Noticed a red ugly thing
 10873 | D:11     | Killed a red ugly thing
 10965 | D:11     | Reached skill level 10 in Short Blades
 11492 | D:11     | Found a shimmering altar of Xom.
 11686 | D:12     | Gained mutation: You heal very quickly. [Vine Stalker growth]
 11686 | D:12     | Reached XP level 12. HP: 45/45 MP: 13/16
 11717 | D:12     | Reached *** piety under Hepliaklqana
 11907 | D:12     | Reached skill level 1 in Ice Magic
 11914 | D:12     | Found a flagged portal.
 11925 | Bailey   | Entered a bailey
 12883 | Bailey   | Reached skill level 13 in Stealth
 13024 | Bailey   | Got a twisted chain mail
 13035 | Bailey   | Identified the +8 chain mail "Sisas" {Regen+ Int+3 Dex+4} (You found it in a bailey)
 13277 | D:12     | Found Anwopna's Serpentskin Sales.
 13503 | D:12     | Found a staircase to the Orcish Mines.
 13797 | Lair:1   | Entered Level 1 of the Lair of Beasts
 14442 | Lair:1   | Reached **** piety under Hepliaklqana
 14450 | Lair:1   | Learned a level 2 spell: Repel Missiles
 14722 | Lair:2   | Reached skill level 1 in Charms
 14781 | Lair:2   | Noticed a six-headed hydra
 14790 | Lair:2   | Mangled by a six-headed hydra

Skill      XL: |  1  2  3  4  5  6  7  8  9 10 11 12 |
---------------+-------------------------------------+-----
Short Blades   | 1 2 3 4 6 8 10 | 10.2
Stealth        | 4 5 6 7 9 11 12 13 | 13.7
Shields        | 1 2 3 4 |  4.1
Hexes          | 4 5 7 8 9 |  9.9
Evocations     | 1 4 5 |  5.0
Conjurations   | 3 4 |  4.0
Dodging        | 2 4 |  4.8
Ice Magic      | 2 |  2.0
Charms         | 1 |  1.3
Spellcasting   | |  2.1

Action                   |  1- 3 |  4- 6 |  7- 9 | 10-12 || total
-------------------------+-------+-------+-------+-------++-------
Melee: Dagger            |    97 |   156 |   333 |   721 ||  1307
       Bite              |    24 |    30 |    77 |   199 ||   330
 Cast: Ensorcelled Hiber |     2 |    12 |    50 |    80 ||   144
       Corona            |       |     3 |     2 |     2 ||     7
       Confuse           |       |       |     8 |    32 ||    40
       Dazzling Spray    |       |       |       |    21 ||    21
       Repel Missiles    |       |       |       |     1 ||     1
Invok: Recall Ancestor   |       |       |     1 |     8 ||     9
       Ancestor Life: He |       |       |       |     1 ||     1
       Transference      |       |       |       |     1 ||     1
 Abil: Evoke Invisibilit |       |       |       |     6 ||     6
Evoke: Wand              |       |       |       |     6 ||     6
  Use: Scroll            |       |     1 |     5 |    18 ||    24
       Potion            |       |       |     2 |     3 ||     5
 Stab: Sleeping          |     9 |    11 |    31 |    54 ||   105
       Distracted        |     1 |       |     2 |     3 ||     6
       Confused          |       |       |     2 |    17 ||    19
       Invisible         |       |       |       |    26 ||    26
  Eat: Chunk             |     1 |     7 |    12 |    27 ||    47
       Meat ration       |       |       |     1 |     2 ||     3
       Pizza             |       |       |     1 |       ||     1
Armor: Robe              |    23 |    17 |    48 |    20 ||   108
       Leather armour    |       |       |       |    60 ||    60
Dodge: Dodged            |    70 |    53 |   127 |   220 ||   470
Block: Buckler           |       |    23 |    87 |   133 ||   243
